[Event "*** SCC Grand Prix: Titled Tuesday Blitz"]
[Site "Chess.com"]
[Date "2020.07.21"]
[Round "4"]
[White "sm_sharon"]
[Black "Quiet_Desperation"]
[Result "0-1"]
[WhiteElo "2046"]
[BlackElo "2230"]
[TimeControl "180+1"]
[EndTime "10:38:20 PDT"]
[Termination "Quiet_Desperation won by resignation"]

1. e4 e6 2. d3 c5 3. Nd2 Nc6 4.
Ngf3 g6 5. g3 Nge7 6. Bg2 Bg7 7.
O-O O-O 8. Re1 d6 9. c3 e5 10. Nf1 h6 11. Be3 f5 12. Qd2 Kh7 13. exf5 Nxf5 14.
d4 exd4 15. cxd4 Nfxd4 16. Nxd4 Nxd4 17. b4 Bg4 18. bxc5 dxc5 19. Bxb7 Rb8 20. Bg2 Rb2 21.
Qxb2 Nf3+ 22. Bxf3 Bxb2 23. Bxg4 Bxa1 24. Rxa1 c4 25. Rc1 Qd3 26. Bd1 c3 27. Bc2 Qe2 28.
Bb3 Rc8 29. h4 a5 30. Nh2 c2 31. Kg2 Qd3 32. Nf3 Qe4 33. h5 gxh5 0-1

[Event "*** SCC Grand Prix: Titled Tuesday Blitz"]
[Site "Chess.com"]
[Date "2020.07.21"]
[Round "4"]
[White "Matveev_Vladimir"]
[Black "Crazy_girl99"]
[Result "1-0"]
[WhiteElo "2670"]
[BlackElo "2479"]
[TimeControl "180+1"]
[EndTime "10:38:21 PDT"]
[Termination "Matveev_Vladimir won on time"]

1. d4 d5 2. c4 e6 3. Nf3 Nf6 4. g3 dxc4 5. Bg2 a6 6. O-O Nc6 7. e3 Bd6 8. Nfd2 O-O 9. Nxc4 Qe7 10. Nc3 e5 11. d5 Nb8 12. Nxd6 cxd6 13. e4 Nbd7 14. Be3 b5 15. b4 a5 16. a3 Ba6 17.
Re1 Rfc8 18. Rc1 Qd8 19. Bh3 Rc4 20. Bf1 Rcc8 21. Nxb5 Nxe4 22. Na7 Rxc1 23. Qxc1 Bxf1 24. Rxf1 axb4 25. axb4 Nef6 26. Qc6 Nf8 27. b5 Rb8 28. b6 Qd7 29. Rb1 Rb7 30. Nb5 Ne4 31. f3 Nc5 32. Nxd6 1-0

[Event "*** SCC Grand Prix: Titled Tuesday Blitz"]
[Site "Chess.com"]
[Date "2020.07.21"]
[Round "4"]
[White "Spartakus1975"]
[Black "Agnes66678"]
[Result "1/2-1/2"]
[WhiteElo "2650"]
[BlackElo "2480"]
[TimeControl "180+1"]
[EndTime "10:38:21 PDT"]
[Termination "Game drawn by agreement"]

1. e4 e5 2. Nf3 Nf6 3. Nxe5 Nxe4 4. Qe2 Qe7 5. Qxe4 d6 6. d4 dxe5 7. dxe5 Nc6 8. Bf4 g5 9. Bg3 f5 10. Qa4 f4 11. Bxf4 gxf4 12. Qxf4 Qxe5+ 13. Qxe5+ Nxe5 14. Nd2 Bf5 15. O-O-O O-O-O 16. h3 Bh6 17. Be2 Rd6 18. g3 Be4 19. f4 Bxh1 20. Rxh1 Nc6 21. Ne4 Rd4 22. Nc5 b6 23. Ne6 Re4 24. Bg4 Kb7 25.
h4 Re8 26. Ng5 Re1+ 27. Rxe1 Rxe1+ 28. Kd2 Rg1 29. Ne4 Rxg3 30. Nxg3 Bxf4+ 31. Ke2 Bxg3 32. h5 h6 33. Kf3 Be5 34. c3 Bf6 35. Ke4 b5 36.
Kf5 Bg5 37. Bf3 Kb6 38. Ke6 Na5 39. b3 c5 40. Bd5 Nc6 41. Kd6 Ne7 42. Be4 a5 43. a4 Nc8+ 44. Kd7 Na7 45. c4 b4 46.
Bd5 Bf4 47. Be4 Bd2 48. Bd5 Be1 49. Be4 Bg3 50. Bd5 Be5 51. Be4 Ka6 52. Bd5 Bf4 53.
Be4 1/2-1/2

[Event "*** SCC Grand Prix: Titled Tuesday Blitz"]
[Site "Chess.com"]
[Date "2020.07.21"]
[Round "4"]
[White "Dauletova"]
[Black "UCantHandleDenker"]
[Result "1/2-1/2"]
[WhiteElo "2324"]
[BlackElo "2550"]
[TimeControl "180+1"]
[EndTime "10:38:21 PDT"]
[Termination "Game drawn by repetition"]

1. e4 d6 2. d4 Nf6 3. Nc3 g6 4. f4 Bg7 5. Bd3 O-O 6. Nf3 Na6 7.
a3 c5 8. d5 Bg4 9. h3 Bxf3 10.
Qxf3 Nc7 11. O-O Rb8 12. a4 a6 13. a5 b5 14. axb6 Rxb6 15. Bc4 Nb5 16. Qd3 Nd7 17. Nxb5 axb5 18. Bxb5 Qc7 19. c4 Bd4+ 20. Kh1 Rb7 21. Ra6 Ra7 22. b4 Rfa8 23. Rxa7 Rxa7 24. bxc5 Bxc5 25.
Bb2 f6 26. Qc3 Nf8 27. e5 dxe5 28. fxe5 Qxe5 29. Qxe5 fxe5 30. Bxe5 Ra2 31. Be8 h5 32. Bf7+ Kh7 33. Be8 Kg8 34. Bf7+ Kh7 35. Be8 Kg8 1/2-1/2

[Event "*** SCC Grand Prix: Titled Tuesday Blitz"]
[Site "Chess.com"]
[Date "2020.07.21"]
[Round "4"]
[White "boo786"]
[Black "pavelalexandru07"]
[Result "1-0"]
[WhiteElo "2399"]
[BlackElo "2129"]
[TimeControl "180+1"]
[EndTime "10:38:22 PDT"]
[Termination "boo786 won by resignation"]

1. Nf3 c5 2. c4 g6 3. d4 cxd4 4. Nxd4 Nf6 5. Nc3 Bg7 6. e4 Nc6 7. Be3 O-O 8. Be2 d6 9. O-O Bd7 10. Qd2 Nxd4 11. Bxd4 Bc6 12. f3 Nd7 13. Be3 a5 14. b3 Nc5 15. Rab1 Qb6 16. Nb5 Bxb5 17. cxb5 Qc7 18. a3 a4 19. b4 Nb3 20. Qd3 Rfc8 21.
Rfd1 Qc2 22. Bf1 Rc3 23. Qxc2 Rxc2 24. b6 Ra2 25. Bc4 Rxa3 26. Rd3 Ra1 27. Rxa1 Nxa1 28. Bd5 Rb8 29. Bc1 e6 30. Ba2 Rd8 31. Ra3 Ra8 32. Rd3 Kf8 33. Rxd6 Ke7 34. Rd3 Nc2 35. Bg5+ f6 36.
Bf4 e5 37. Bc1 Nxb4 38. Ba3 1-0

[Event "*** SCC Grand Prix: Titled Tuesday Blitz"]
[Site "Chess.com"]
[Date "2020.07.21"]
[Round "4"]
[White "Sn00pPawn"]
[Black "mirochka"]
[Result "1-0"]
[WhiteElo "1797"]
[BlackElo "2147"]
[TimeControl "180+1"]
[EndTime "10:38:22 PDT"]
[Termination "Sn00pPawn won on time"]

1. e4 c5 2. Nf3 Nc6 3. Bb5 e6 4. c3 Nge7 5. O-O a6 6. Ba4 b5 7. Bc2 d5 8. d4 cxd4 9. Nxd4 Bb7 10. Nb3 dxe4 11. Nc5 Qb6 12. Be3 Nd5 13. Nd7 Qc7 14. Nxf8 Nxe3 15. Nxe6 Qb6 16. Nxg7+ Kf8 17. fxe3 Kxg7 18.
Qg4+ Kf8 19. Qf4 Nd8 20. Nd2 Rg8 21. Nxe4 Qg6 22. Ng3 Rc8 23. Bxg6 Rxg6 24. Rad1 f6 25. e4 Ne6 26. Qd6+ Kf7 27. e5 Rd8 28. Qb6 1-0

[Event "*** SCC Grand Prix: Titled Tuesday Blitz"]
[Site "Chess.com"]
[Date "2020.07.21"]
[Round "4"]
[White "Quattroporte300"]
[Black "MagnusSeinFanboy"]
[Result "1-0"]
[WhiteElo "2342"]
[BlackElo "2515"]
[TimeControl "180+1"]
[EndTime "10:38:23 PDT"]
[Termination "Quattroporte300 won by checkmate"]

1. e4 c5 2. Nf3 d6 3. d4 cxd4 4. Nxd4 Nf6 5. Nc3 a6 6. h3 e5 7. Nde2 h5 8. Bg5 Be6 9. Bxf6 Qxf6 10. Nd5 Qd8 11. Nec3 g6 12. Qd2 Bh6 13. Qd3 Nc6 14. Be2 O-O 15. O-O Rc8 16. Rad1 Nd4 17. f4 Bxd5 18.
exd5 f5 19. fxe5 dxe5 20. Qg3 Rxc3 21. Qxg6+ Bg7 22. Rxd4 Rxc2 23. Qe6+ Kh8 24. Bd3 Rd2 25. Bxf5 Rxd4 26. Qg6 Rxf5 27. Rxf5 Rd1+ 28. Kh2 Qd7 29. Rxh5+ Kg8 30. Qh7+ Kf8 31. Rf5+ Ke7 32. Qxg7+ Kd6 33.
Qxe5+ Kc5 34. d6+ Kc4 35. Qc3# 1-0

[Event "*** SCC Grand Prix: Titled Tuesday Blitz"]
[Site "Chess.com"]
[Date "2020.07.21"]
[Round "4"]
[White "WeAintSurePal"]
[Black "LastHeroJr"]
[Result "1-0"]
[WhiteElo "2292"]
[BlackElo "2430"]
[TimeControl "180+1"]
[EndTime "10:38:25 PDT"]
[Termination "WeAintSurePal won by resignation"]

1. d4 Nf6 2. Bf4 g6 3. e3 Bg7 4. Nd2 O-O 5. c3 d6 6. Ngf3 b6 7. a4 a5 8. Bc4 Bb7 9. O-O Nbd7 10.
h3 Qe8 11. Bh2 e5 12. dxe5 dxe5 13. Qe2 Qe7 14. Rfd1 Rad8 15. e4 Nh5 16. Bd5 c6 17.
Bc4 Nf4 18. Bxf4 exf4 19. Nb3 Ne5 20. Nxe5 Bxe5 21. Rxd8 Rxd8 22. Rd1 Bc8 23. Nd4 Rd6 24. Nf3 Qd8 25. Rxd6 Bxd6 26. e5 Bc5 27. e6 Bxe6 28.
Bxe6 fxe6 29. Qxe6+ Kf8 30. Ne5 Kg7 31. Qf7+ Kh8 32.
Qxf4 Kg7 33. Qf7+ Kh8 34. Qb7 Qd1+ 35. Kh2 Bd6 36. Qc8+ Kg7 37. Qd7+ Kg8 38. f4 Qd5 39. Qd8+ Kg7 40. Qd7+ Kg8 41. Qe8+ Kg7 42. c4 Qd4 43. Qf7+ Kh6 44. Ng4+ 1-0

[Event "*** SCC Grand Prix: Titled Tuesday Blitz"]
[Site "Chess.com"]
[Date "2020.07.21"]
[Round "4"]
[White "swimmerchess"]
[Black "FabianoCaruana"]
[Result "0-1"]
[WhiteElo "2804"]
[BlackElo "3048"]
[TimeControl "180+1"]
[EndTime "10:38:28 PDT"]
[Termination "FabianoCaruana won by resignation"]

1. e4 e5 2. Nf3 Nc6 3. Bb5 a6 4. Ba4 Nf6 5. O-O Be7 6. Re1 b5 7. Bb3 d6 8. c3 O-O 9. h3 Na5 10. Bc2 c5 11. d4 Nd7 12. Nbd2 exd4 13. cxd4 Nc6 14. d5 Nce5 15. a4 b4 16. Nxe5 Nxe5 17. f4 Ng6 18. Nc4 Bh4 19. Rf1 Bf6 20. Be3 Re8 21. Qd2 a5 22. Rad1 Ba6 23. b3 Bxc4 24.
bxc4 Rb8 25. Qd3 Bc3 26. g3 Qc7 27. h4 Nf8 28. h5 Qd7 29. Kg2 Re7 30. e5 dxe5 31.
Bxc5 e4 32. Qe3 Ree8 33. Bb3 Rbc8 34. Bb6 Qg4 35. c5 Nd7 36. Ba7 Nf6 37. d6 Qd7 38.
Bb6 Ng4 39. Qe2 e3 40. Bd5 Nf6 41. Bf3 b3 42. g4 Bb4 43. g5 Ne4 44. Rd4 Nxc5 45. h6 Ne6 46. Re4 Rc2 0-1

[Event "*** SCC Grand Prix: Titled Tuesday Blitz"]
[Site "Chess.com"]
[Date "2020.07.21"]
[Round "4"]
[White "1977Ivan"]
[Black "Infernal_XaM"]
[Result "1-0"]
[WhiteElo "2695"]
[BlackElo "2967"]
[TimeControl "180+1"]
[EndTime "10:38:28 PDT"]
[Termination "1977Ivan won on time"]

1. c4 Nf6 2. Nc3 e6 3. d4 Bb4 4. Qc2 O-O 5. Bg5 d6 6. e3 Nbd7 7. Bd3 h6 8. Bh4 c5 9. Ne2 b6 10. O-O Bxc3 11. Nxc3 cxd4 12. exd4 Bb7 13. b4 Rc8 14.
Rab1 a6 15. Qd2 Qc7 16. f3 Rfe8 17. Rfc1 Qb8 18. a4 Qa7 19. Bf2 Qa8 20. Bf1 e5 21. d5 e4 22. Nxe4 Nxe4 23. fxe4 Rxe4 24. Bd3 Re7 25. a5 bxa5 26. bxa5 Ne5 27. Bf1 Rd8 28. Bd4 Bc8 29. Rb6 Ng4 30. Qb4 Qa7 31. Rd1 Qd7 32.
h3 Ne3 33. Bxe3 Rxe3 34. c5 dxc5 35. Qxc5 Re5 36. Rc6 Rg5 37. Rc7 Qxh3 38. Qe7 Rf8 39. Qxg5 Qb3 40. Qc1 Bg4 41. Rd3 Qa4 42. d6 Qxa5 43. Qc5 Qe1 44. d7 1-0

[Event "*** SCC Grand Prix: Titled Tuesday Blitz"]
[Site "Chess.com"]
[Date "2020.07.21"]
[Round "4"]
[White "ehrenfeld"]
[Black "KuzubovYuriy"]
[Result "0-1"]
[WhiteElo "2526"]
[BlackElo "2826"]
[TimeControl "180+1"]
[EndTime "10:38:28 PDT"]
[Termination "KuzubovYuriy won on time"]

1. e4 c5 2. d3 g6 3. f4 Bg7 4.
Nf3 d5 5. Be2 Nc6 6. O-O Nf6 7.
e5 Nd7 8. c3 d4 9. Nbd2 Nf8 10.
Ne4 b6 11. Bd2 f5 12. exf6 exf6 13. Kh1 f5 14. Neg5 h6 15. Nh3 Nh7 16. Qb3 Qd6 17. Rae1 Be6 18. Bd1 Kf7 19. Qa3 Rhe8 20. Ba4 Bd7 21.
Bb3+ Kf8 22. Ne5 Nxe5 23. fxe5 Rxe5 24. Rxe5 Qxe5 25. Nf4 Qd6 26. Bd5 Re8 27. c4 g5 28. Nh5 Be5 29. h4 Nf6 30. Nxf6 Bxf6 31. Qxa7 Kg7 32. b4 Re7 33. bxc5 bxc5 34. Qa8 Be8 0-1

[Event "*** SCC Grand Prix: Titled Tuesday Blitz"]
[Site "Chess.com"]
[Date "2020.07.21"]
[Round "4"]
[White "RenarddesSurfaces"]
[Black "Aemulus20"]
[Result "0-1"]
[WhiteElo "2410"]
[BlackElo "2636"]
[TimeControl "180+1"]
[EndTime "10:38:28 PDT"]
[Termination "Aemulus20 won on time"]

1. e4 c5 2. c3 g6 3. Nf3 Bg7 4. d4 cxd4 5. cxd4 d5 6. exd5 Nf6 7. Bb5+ Nbd7 8. d6 exd6 9. Qe2+ Kf8 10. Bf4 Nb6 11. O-O Kg8 12. Nc3 h6 13. Bd3 Kh7 14. Nb5 Nfd5 15. Bg3 Re8 16. Qd2 Re6 17. h4 a6 18. Nc3 Rf6 19. h5 Bf5 20. hxg6+ fxg6 21. Bh4 g5 22. Bg3 Qd7 23. Rad1 Raf8 24. Ne5 Qc8 25. Ng4 R6f7 26. Ne3 Nxe3 27. fxe3 Nc4 28. Qe2 Bxd3 29. Qxd3+ Kg8 30. Rxf7 Rxf7 31. Qe2 b5 32. b3 Nb6 33. Ne4 Qe6 34. Nxd6 Rd7 35. Rc1 Bxd4 0-1

[Event "*** SCC Grand Prix: Titled Tuesday Blitz"]
[Site "Chess.com"]
[Date "2020.07.21"]
[Round "4"]
[White "ChessicallyInclined"]
[Black "AnthonyWirig"]
[Result "0-1"]
[WhiteElo "2498"]
[BlackElo "2709"]
[TimeControl "180+1"]
[EndTime "10:38:29 PDT"]
[Termination "AnthonyWirig won on time"]

1. d4 Nf6 2. c4 e6 3. Nc3 Bb4 4. e3 d5 5. a3 Bxc3+ 6. bxc3 c6 7. a4 O-O 8. Nf3 b6 9. Ne5 Ba6 10. Ba3 Re8 11. a5 Nfd7 12. Nxd7 Nxd7 13. cxd5 Bxf1 14.
Kxf1 cxd5 15. Qe2 Qc7 16. Bb4 a6 17. axb6 Qxb6 18. Ra5 Nb8 19. Qa2 Nc6 20. Ra4 Qb5+ 21. Kg1 a5 22. Bc5 Rab8 23. g3 Qd3 24. Ra3 Qe4 25. Rb3 Rxb3 26. Qxb3 Rb8 27. Bb6 h5 28. h4 a4 29. Qb5 a3 30. Kh2 a2 31.
Ra1 Qc2 32. Qxc6 Qxf2+ 33. Kh3 Qb2 34. Rxa2 Qxa2 35. Qc7 Ra8 0-1

[Event "*** SCC Grand Prix: Titled Tuesday Blitz"]
[Site "Chess.com"]
[Date "2020.07.21"]
[Round "4"]
[White "northridgehawk"]
[Black "Azatic"]
[Result "0-1"]
[WhiteElo "2331"]
[BlackElo "2545"]
[TimeControl "180+1"]
[EndTime "10:38:30 PDT"]
[Termination "Azatic won by checkmate"]

1. e4 c5 2. Nf3 e6 3. d4 cxd4 4. Nxd4 a6 5. c4 Qc7 6. Nc3 Nf6 7. Be2 b6 8. O-O Bb7 9. Qd3 Nc6 10. b3 Nxd4 11. Qxd4 Bd6 12. g3 h5 13. Bg5 Be5 14. Qe3 Ng4 15. Qd2 f6 16. Bxg4 hxg4 17. Be3 Kf7 18. Rad1 Bc6 19. h4 gxh3 20. Kh2 Qb7 21. Nd5 exd5 22. exd5 Rae8 23. dxc6 dxc6 24. Qd7+ Qxd7 25.
Rxd7+ Re7 26. Rxe7+ Kxe7 27. Bxb6 g5 28. Be3 g4 29. Rd1 Ke6 30. Rd2 a5 31. Bc5 Ra8 32.
Re2 Kf5 33. Re3 Rb8 34. f3 Rd8 35. fxg4+ Kxg4 36. Re4+ Kf3 37. Re3+ Kg4 38. Re4+ Kf5 39. Re2 Rd3 40. Bf2 Kg4 41. Re4+ Kf3 42. Re1 Kxf2 43.
Rc1 Rxg3 44. Rc2+ Kf3 45. Rc1 Rg2+ 46. Kxh3 Rh2# 0-1

[Event "*** SCC Grand Prix: Titled Tuesday Blitz"]
[Site "Chess.com"]
[Date "2020.07.21"]
[Round "4"]
[White "Yashasd1995"]
[Black "Falia-p"]
[Result "1-0"]
[WhiteElo "2550"]
[BlackElo "2314"]
[TimeControl "180+1"]
[EndTime "10:38:31 PDT"]
[Termination "Yashasd1995 won on time"]

1. b3 Nf6 2. Bb2 g6 3. Bxf6 exf6 4. c4 Bg7 5. Nc3 O-O 6. Nf3 f5 7. Rc1 c5 8. g3 Nc6 9. Bg2 d6 10. O-O Be6 11. Ne1 Re8 12. e3 h5 13. h4 a6 14.
Nd3 Qe7 15. Nf4 Rad8 16. Nfd5 Qf8 17. a3 Be5 18. b4 Qg7 19. Qa4 cxb4 20. axb4 g5 21.
hxg5 Qxg5 22. f4 Qxg3 23. fxe5 Nxe5 24. Nf6+ Kf8 25. Nxe8 Rxe8 26. Nd5 Bxd5 27. cxd5 h4 28. Qd1 h3 29. Qe2 Ng4 30. Rf3 Qh2+ 31. Kf1 hxg2+ 32. Qxg2 Qe5 33. Rf4 Qb2 34. Rc7 Rxe3 35. Rxf7+ Ke8 36. Qxg4 fxg4 37. dxe3 Qb1+ 38. Kg2 Qc2+ 39. Kg3 Qg6 40. Rxb7 Kd8 41. Rf8+ Qe8 42. Rb8+ 1-0

[Event "*** SCC Grand Prix: Titled Tuesday Blitz"]
[Site "Chess.com"]
[Date "2020.07.21"]
[Round "4"]
[White "Noam_Vitenberg"]
[Black "jb2mix"]
[Result "0-1"]
[WhiteElo "2482"]
[BlackElo "2677"]
[TimeControl "180+1"]
[EndTime "10:38:32 PDT"]
[Termination "jb2mix won by checkmate"]

1. d4 Nf6 2. c4 g6 3. Nc3 Bg7 4. e4 O-O 5. Nf3 d6 6. Be2 e5 7. Be3 Ng4 8. Bg5 f6 9. Bc1 Nc6 10. d5 Ne7 11. h3 Nh6 12. h4 f5 13. h5 f4 14. Ng5 c6 15. g3 Nxd5 16. cxd5 Qxg5 17.
dxc6 Qf6 18. Nd5 Qf7 19. Bc4 Be6 20. cxb7 fxg3 21. f4 Rab8 22. f5 gxf5 23. Bxh6 Bxh6 24. exf5 Kh8 25. O-O Bxf5 26. Qe2 Qxb7 27. Rad1 Bh3 28. Rf3 Rxf3 29. Qxf3 Qxb2 30. Qe2 Bg4 31. Qxb2 Rxb2 32.
Rf1 e4 33. Bb3 Bg7 34. Rf4 Bd4+ 35. Kf1 g2+ 36. Ke1 g1=Q+ 37. Rf1 Bf2# 0-1

[Event "*** SCC Grand Prix: Titled Tuesday Blitz"]
[Site "Chess.com"]
[Date "2020.07.21"]
[Round "4"]
[White "AlexOstrovskiy"]
[Black "londonkid"]
[Result "1-0"]
[WhiteElo "2609"]
[BlackElo "2415"]
[TimeControl "180+1"]
[EndTime "10:38:32 PDT"]
[Termination "AlexOstrovskiy won by resignation"]

1. d4 e6 2. Nf3 Nf6 3. Bf4 b6 4. e3 Bb7 5. Nbd2 Be7 6. h3 O-O 7. Be2 c5 8. c3 cxd4 9. exd4 d6 10. Bh2 Nbd7 11. O-O Re8 12. Re1 h6 13. a4 a6 14.
Bd3 Bf8 15. Nc4 Qc7 16. Nfd2 b5 17. Ne3 Bc6 18. axb5 axb5 19. Qb3 Qb7 20. Qb4 e5 21. Rxa8 Rxa8 22. f3 d5 23. Qb3 e4 24. fxe4 dxe4 25.
Be2 b4 26. c4 Ba4 27. Qa2 Bc2 28. Qxa8 Qxa8 29. Nxc2 Qa4 30. b3 Qa2 31. Bd1 Qb2 32.
Bf4 g5 33. Be3 Bg7 34. Nxb4 Ne8 35. Nxe4 Bxd4 36. Nd5 Bxe3+ 37. Rxe3 Qd4 38. Bf3 Nb6 39. Ne7+ Kf8 40. Nf5 Qa1+ 41. Kh2 Qe5+ 42. Neg3 Qf4 43.
c5 Nd7 44. Bc6 Ne5 45. Bxe8 Kxe8 46. Re4 Qd2 47. Rxe5+ Kd7 48. Nxh6 Kc6 49. Nxf7 Qf4 50. Nd8+ Kd7 51. Rd5+ Kc7 52. Ne6+ 1-0

[Event "*** SCC Grand Prix: Titled Tuesday Blitz"]
[Site "Chess.com"]
[Date "2020.07.21"]
[Round "4"]
[White "Volodar_Murzin"]
[Black "Anna_ChessMate"]
[Result "1-0"]
[WhiteElo "2716"]
[BlackElo "2504"]
[TimeControl "180+1"]
[EndTime "10:38:33 PDT"]
[Termination "Volodar_Murzin won on time"]

1. e4 c6 2. d4 d5 3. f3 dxe4 4. fxe4 e5 5. Nf3 Bg4 6. Bc4 Nd7 7. O-O Ngf6 8. Bg5 Be7 9. c3 O-O 10. Nbd2 Qc7 11. Qe1 Rae8 12. Qh4 Bxf3 13. Nxf3 h6 14. Bxh6 gxh6 15. Qxh6 Nh7 16. Nh4 Bxh4 17. Qxh4 exd4 18. Rf3 Qd8 19. Qh6 Kh8 20. Rh3 Nf6 21. Rf1 dxc3 22.
bxc3 Rg8 23. Bxf7 Rg7 24. Bxe8 Qxe8 25. Qxf6 Qg8 26. Qf3 Qe6 27. Kh1 Kg8 28. Rg3 1-0

[Event "*** SCC Grand Prix: Titled Tuesday Blitz"]
[Site "Chess.com"]
[Date "2020.07.21"]
[Round "4"]
[White "poppy73"]
[Black "WPWPWP-2015"]
[Result "0-1"]
[WhiteElo "2255"]
[BlackElo "2428"]
[TimeControl "180+1"]
[EndTime "10:38:33 PDT"]
[Termination "WPWPWP-2015 won on time"]

1. e4 c5 2. Nf3 d6 3. d4 cxd4 4.
Nxd4 Nf6 5. Nc3 a6 6. Be2 e5 7.
Nf3 Be7 8. Bg5 Nbd7 9. a4 O-O 10. O-O b6 11. Bc4 Bb7 12. Bxf6 Nxf6 13. Bd5 Bxd5 14.
Nxd5 Nxe4 15. Re1 Nf6 16. a5 bxa5 17. Nxe7+ Qxe7 18. Rxa5 Rfb8 19. b3 Rb5 20. Qd2 Qc7 21.
Ra4 Rc5 22. c4 h6 23. Rea1 Rc6 24. h3 Qb7 25. Qa2 Ne4 26. Qc2 Nc5 27. R4a3 Rb6 28. Nd2 e4 29. Rb1 f5 30. Qc3 Rb8 31. Qd4 Qe7 32. Qd5+ Qe6 33. Qxe6+ Nxe6 34. b4 Kf7 35. Kf1 Kf6 36. Ke2 Ke5 37. Nf1 Nf4+ 38. Kd2 Rxb4 39. Rxb4 Rxb4 40. Ra5+ Kd4 41. Rxa6 Rb2+ 42. Kd1 Rxf2 43.
Nd2 e3 44. Rxd6+ Ke5 0-1

[Event "*** SCC Grand Prix: Titled Tuesday Blitz"]
[Site "Chess.com"]
[Date "2020.07.21"]
[Round "4"]
[White "DenLaz"]
[Black "Man-Chuk"]
[Result "0-1"]
[WhiteElo "2708"]
[BlackElo "2850"]
[TimeControl "180+1"]
[EndTime "10:38:35 PDT"]
[Termination "Man-Chuk won by checkmate"]

1. d4 Nf6 2. c4 e6 3. Nf3 b6 4. a3 Bb7 5. Nc3 d5 6. Bg5 Be7 7. Bxf6 Bxf6 8. cxd5 exd5 9. Qa4+ c6 10. g3 O-O 11. Rd1 Nd7 12. Bh3 Kh8 13. O-O Be7 14.
e3 Bd6 15. Rd2 f5 16. Rfd1 g5 17. Bg2 Qe7 18. b4 b5 19. Qb3 a5 20. Rb2 Nb6 21. Nd2 Nc4 22. Nxc4 bxc4 23. Qc2 axb4 24. axb4 f4 25.
exf4 gxf4 26. b5 f3 27. Bf1 Rf6 28. bxc6 Bxc6 29. Rb6 Qd7 30. Qd2 Rg8 31. Re1 Bc7 32. Ra6 Qf5 33. Re7 Bf4 34. Qe1 Bxg3 35. hxg3 Rxg3+ 36. Kh2 Rh6+ 37. Kxg3 Rg6+ 38. Kh2 Qf4+ 39. Kh3 Qh6# 0-1

[Event "*** SCC Grand Prix: Titled Tuesday Blitz"]
[Site "Chess.com"]
[Date "2020.07.21"]
[Round "4"]
[White "dretch"]
[Black "ftorodent"]
[Result "1-0"]
[WhiteElo "2835"]
[BlackElo "2642"]
[TimeControl "180+1"]
[EndTime "10:38:35 PDT"]
[Termination "dretch won by resignation"]

1. d4 d5 2. c4 e6 3. Nc3 Be7 4. cxd5 exd5 5. Bf4 c6 6. e3 Bd6 7. Bg3 Ne7 8. Nf3 O-O 9. Bd3 Bf5 10. Nh4 Bxd3 11. Qxd3 Na6 12. a3 Nc7 13. O-O f5 14. Bxd6 Qxd6 15. f4 Ne6 16. Nf3 c5 17. Ne5 c4 18.
Qc2 a6 19. Kh1 b5 20. g4 fxg4 21. f5 Nc5 22. Rf4 Nd3 23. Nxd3 cxd3 24. Qxd3 g6 25.
fxg6 Nxg6 26. Rxg4 Rf2 27. Rg2 Rxg2 28. Kxg2 Rf8 29.
Rg1 Qe6 30. Qe2 Re8 31. Qh5 Qxe3 32. Qxd5+ Kh8 33. Kh1 Qd2 34. Ne4 Qf4 35. Ng3 Qf6 36.
Rf1 Qe7 37. Qf7 Qxf7 38. Rxf7 Re1+ 39. Rf1 Rb1 40. Rxb1 1-0

[Event "*** SCC Grand Prix: Titled Tuesday Blitz"]
[Site "Chess.com"]
[Date "2020.07.21"]
[Round "4"]
[White "Susal_De_Silva"]
[Black "RoelandPruijssers"]
[Result "0-1"]
[WhiteElo "2316"]
[BlackElo "2577"]
[TimeControl "180+1"]
[EndTime "10:38:35 PDT"]
[Termination "RoelandPruijssers won by resignation"]

1. e4 Nf6 2. e5 Nd5 3. d4 d6 4. Nf3 dxe5 5. Nxe5 g6 6. Be2 Bg7 7. Nf3 O-O 8. O-O Nc6 9. c4 Nb6 10. d5 Na5 11. Nbd2 e6 12. dxe6 Bxe6 13. c5 Nd5 14.
Qa4 Nc6 15. Nb3 h6 16. Rd1 Qe7 17. Bb5 Ndb4 18. Bxc6 Nxc6 19. Nfd4 Rad8 20. Be3 Nxd4 21. Nxd4 Bg4 22. Re1 Qf6 23. h3 Bc8 24. Rad1 a6 25.
c6 b6 26. b3 Rd6 27. Qc4 Rfd8 28. Rd2 Kh7 29. Red1 Rd5 30. Ne2 Rxd2 31. Rxd2 Rxd2 32.
Bxd2 a5 33. Bc3 Qe6 34. Qxe6 Bxe6 35. Bxg7 Kxg7 36. Nd4 Kf6 37. f4 Bd5 38. Kf2 Ke7 39. Nb5 Bxc6 40. Nxc7 Kd6 41. Na6 Bb7 42. Nb8 Kc7 0-1

[Event "*** SCC Grand Prix: Titled Tuesday Blitz"]
[Site "Chess.com"]
[Date "2020.07.21"]
[Round "4"]
[White "SiddharthGMJagadeesh"]
[Black "Haapana"]
[Result "1-0"]
[WhiteElo "2559"]
[BlackElo "2336"]
[TimeControl "180+1"]
[EndTime "10:38:35 PDT"]
[Termination "SiddharthGMJagadeesh won on time"]

1. d4 Nf6 2. Nf3 g6 3. c3 Bg7 4. Bg5 d5 5. Nbd2 c6 6. e3 Bf5 7.
Qb3 Qb6 8. a4 Nbd7 9. a5 Qxb3 10. Nxb3 O-O 11. Bf4 Nh5 12. h3 Nxf4 13. exf4 b6 14.
Be2 c5 15. O-O c4 16. Nbd2 Rfb8 17. g4 Be6 18. a6 Nf6 19. Ng5 Bd7 20. Ngf3 Rc8 21.
Ne5 Rc7 22. Bf3 Rd8 23. Kg2 e6 24. Rfe1 Bc8 25. Nf1 Ne8 26. Bd1 f6 27. Nf3 Nd6 28. Bc2 f5 29. Ne5 Nf7 30. Nxf7 Kxf7 31. Nd2 Bf6 32.
g5 Be7 33. h4 Bd6 34. Kf3 Kg8 35. h5 Rg7 36. Rh1 Kf7 37. Rh4 Re8 38. Rah1 Bd7 39.
hxg6+ hxg6 40. Ke3 b5 41. Nf3 Rb8 42. Rh8 Rxh8 43.
Rxh8 Rg8 44. Rh7+ Rg7 45. Rh6 Bc8 46. Rh1 Bd7 47. b4 Rg8 48. Rh7+ Rg7 49. Rh6 Rg8 50.
Nh4 Rg7 51. Bd1 Bc8 52. Nxg6 Bxa6 53. Bh5 Kg8 54. Rh8+ 1-0

[Event "*** SCC Grand Prix: Titled Tuesday Blitz"]
[Site "Chess.com"]
[Date "2020.07.21"]
[Round "4"]
[White "Fighter008"]
[Black "vitnik2020"]
[Result "1-0"]
[WhiteElo "2582"]
[BlackElo "2322"]
[TimeControl "180+1"]
[EndTime "10:38:36 PDT"]
[Termination "Fighter008 won by resignation"]

1. e4 e5 2. Nf3 Nc6 3. Nc3 Nf6 4. Bb5 Bd6 5. d3 O-O 6. a3 a6 7. Ba4 b5 8. Bb3 Be7 9. g4 Nd4 10. g5 Nxb3 11. gxf6 Nxa1 12. fxe7 Qxe7 13. Rg1 Kh8 14.
Be3 Nxc2+ 15. Qxc2 c6 16. Ne2 d6 17. Ng3 g6 18. Bg5 f6 19. Be3 c5 20. h4 f5 21. Bg5 Qf7 22. Bh6 Rg8 23. Ng5 Qe7 24.
h5 f4 25. Qb3 c4 26. dxc4 fxg3 27. cxb5 gxf2+ 28. Kxf2 Ra7 29. b6 Rb7 30. Ke1 gxh5 31. Rf1 Rxg5 32. Bxg5 Qxg5 33. Rf8+ Kg7 34. Rg8+ Kh6 35.
Rxg5 Kxg5 1-0

[Event "*** SCC Grand Prix: Titled Tuesday Blitz"]
[Site "Chess.com"]
[Date "2020.07.21"]
[Round "4"]
[White "ChadBiryani"]
[Black "harlem4brew"]
[Result "1-0"]
[WhiteElo "2318"]
[BlackElo "2112"]
[TimeControl "180+1"]
[EndTime "10:38:36 PDT"]
[Termination "ChadBiryani won by checkmate"]

1. d4 Nf6 2. Bg5 e6 3. e4 Be7 4. e5 Nd5 5. Bxe7 Nxe7 6. Bd3 b6 7. Nf3 Bb7 8. O-O h6 9. c4 d5 10. Nc3 Nd7 11. Qe2 c5 12. Nb5 Nc8 13. cxd5 Bxd5 14. Be4 Nf8 15. Bxd5 exd5 16. dxc5 bxc5 17. Rfd1 Ne6 18.
Rac1 O-O 19. Nc3 Nb6 20. Qb5 Rc8 21. Ne4 c4 22. Nd6 Rc7 23. b3 cxb3 24. axb3 Rxc1 25.
Rxc1 Qa8 26. h3 Nf4 27. Rc7 Qb8 28. Rb7 Qd8 29. Rxa7 Nd7 30. Rxd7 Qa8 31. Kh2 Qa2 32. Qb4 Nd3 33. Qd2 Qa6 34. Qe3 Nb4 35. e6 Qc6 36.
Qe5 Nd3 37. Qg3 Nc1 38. Nf5 g6 39. Nxh6+ Kh7 40. Qh4 Kg7 41. Ng4 Qxe6 42. Qh6+ Kg8 43. Ng5 Qxd7 44. Qh7# 1-0